 Dungeon Crawl Stone Soup version 0.28-a0-1147-gc7b72d3202 (webtiles) character file.

Game seed: 43335746255786421

170 BinkBink the Ruffian (level 5, -6/45 HPs)
             Began as a Ghoul Monk on Dec 14, 2021.
             Was a Priest of Okawaru.
             Mangled by a gnoll (7 damage)
             ... on level 3 of the Dungeon.
             The game lasted 00:02:24 (2173 turns).

BinkBink the Ruffian (Ghoul Monk)                   Turns: 2173, Time: 00:02:25

Health: -6/45      AC:  2    Str: 15    XL:     5   Next: 50%
Magic:  4/4        EV: 12    Int:  5    God:    Okawaru [***...]
Gold:   83         SH:  0    Dex: 13    Spells: 4/4 levels left

rFire   . . .      SeeInvis .     - Unarmed
rCold   + . .      Faith    .   (no shield)
rNeg    + + +      Spirit   .   a - +0 robe
rPois   ∞          Reflect  .   (no helmet)
rElec   .          Harm     .   (no cloak)
rCorr   .          Rampage  .   (no gloves)
Will    .....                   (no boots)
Stlth   ++........              (no amulet)
HPRegen 0.00/turn               (no ring)
MPRegen 0.09/turn               (no ring)

@: inhibited regen
A: claws 1, cold resistance 1, negative energy resistance 3, inhibited
regeneration, torment resistance 2
a: Renounce Religion, Heroism


You were on level 3 of the Dungeon.
You worshipped Okawaru.
Okawaru was most pleased with you.
You visited 1 branch of the dungeon, and saw 3 of its levels.

You collected 83 gold pieces.

Inventory:

Armour
 a - a +0 robe (worn)
Jewellery
 f - a +6 ring of intelligence
Wands
 h - a wand of iceblast (5)
 i - a wand of flame (11)
Scrolls
 b - 2 scrolls of fear {unknown}
 c - 2 scrolls of identify {unknown}
 d - a scroll of holy word {unknown}
 e - 3 scrolls of teleportation {unknown}
 l - a scroll of vulnerability {unknown}
Potions
 g - a potion of haste {unknown}
 j - a potion of mutation {unknown}
 k - a potion of lignification {unknown}


   Skills:
 - Level 3.2 Fighting
 - Level 2.6 Dodging
 - Level 2.1 Stealth
 + Level 6.6 Unarmed Combat


You had 4 spell levels left.
You didn't know any spells.
Your spell library was empty.

Dungeon Overview and Level Annotations

Branches:
Dungeon (3/15)

Altars:
Okawaru

Shops:
D:2 [


Innate Abilities, Weirdness & Mutations

You thrive by killing the living.
You are immune to poison.
You have sharp fingernails.
Your flesh is cold resistant. (rC+)
You are immune to negative energy. (rN+++)
You do not regenerate when monsters are visible.
You are immune to unholy pain and torment.


Message History

You hear an angry hiss.
You hear a shout!
You claw the hobgoblin!
You kill the hobgoblin!
Okawaru accepts your kill.
A gnoll comes into view. It is wielding a +0 flail.
You scratch the kobold.
You kill the kobold!
Okawaru accepts your kill.
You claw the hobgoblin!
You kill the hobgoblin!
Okawaru accepts your kill.
A gnoll comes into view. It is wielding a +0 flail.
A gnoll comes into view. It is wielding a +0 flail.
Found a stone staircase leading down.
The gnoll shouts!
You hear a shout!
Items here: ( )) [ †.
The gnoll barely misses you.
You barely miss the gnoll. The gnoll closely misses you.
A goblin comes into view. It is wielding a +0 club.
The gnoll hits you with a +0 flail.
You barely miss the gnoll. The gnoll hits you with a +0 flail!
The gnoll misses you. The gnoll hits you with a +0 flail!
You are too injured to fight recklessly!
The gnoll barely misses you. The gnoll hits you with a +0 flail!
* * * LOW HITPOINT WARNING * * *
A ball python comes into view.
Items here: ( )) [ †.
You see here a +0 dagger.
You are too injured to fight recklessly!
You are too injured to fight recklessly!
You are too injured to fight recklessly!
You closely miss the gnoll. The gnoll misses you.
You closely miss the gnoll. The gnoll hits you with a +0 flail.
* * * LOW HITPOINT WARNING * * *
You closely miss the gnoll. The gnoll hits you with a +0 flail.
* * * LOW HITPOINT WARNING * * *
You scratch the gnoll.
The gnoll is moderately wounded.
The gnoll hits you with a +0 flail!
You die...

######...
#<.......
########.####...
#........#
#.#.##.### #@#
#g# ###g####.#
#.gg.....#
........S......#
....>##..........
..S. #..........
##. #.......##. #
#.........


You could see 3 gnolls, a goblin and a ball python.

Vanquished Creatures
  Terence (D:2)
  Natasha (thrice) (D:2)
  A gnoll (D:1)
  2 adders (D:2)
  A dart slug (D:1)
  5 endoplasms
  3 goblins (D:1)
  6 hobgoblins
  4 jackals (D:2)
  A quokka (D:1)
  4 ball pythons
  6 bats
  A frilled lizard (D:2)
  3 kobolds
  A rat (D:2)
42 creatures vanquished.

Notes
Turn   | Place    | Note
-------+----------+-------------------------------------------
     0 | D:1      | BinkBink the Ghoul Monk began the quest for the Orb.
     0 | D:1      | Reached XP level 1. HP: 19/19 MP: 0/0
   218 | D:1      | Reached skill level 4 in Unarmed Combat
   218 | D:1      | Reached XP level 2. HP: 17/26 MP: 1/1
   460 | D:1      | Found a faded altar of an unknown god.
   495 | D:1      | Prayed at the altar of an unknown god.
   495 | D:1      | Became a worshipper of Warmaster Okawaru
   495 | D:1      | Reached * piety under Okawaru
   495 | D:1      | Reached ** piety under Okawaru
   604 | D:1      | Reached XP level 3. HP: 14/31 MP: 2/2
  1158 | D:2      | Found Wezu's Antique Armour Shoppe.
  1171 | D:2      | Noticed Natasha
  1177 | D:2      | Killed Natasha
  1178 | D:2      | Reached skill level 5 in Unarmed Combat
  1215 | D:2      | Reached *** piety under Okawaru
  1216 | D:2      | Reached XP level 4. HP: 34/38 MP: 3/3
  1265 | D:2      | Noticed Natasha
  1274 | D:2      | Killed Natasha
  1635 | D:2      | Reached skill level 6 in Unarmed Combat
  1669 | D:2      | Noticed Terence
  1695 | D:2      | Killed Terence
  1696 | D:2      | Reached XP level 5. HP: 24/45 MP: 4/4
  1904 | D:2      | Noticed Natasha
  1908 | D:2      | Killed Natasha
  2172 | D:3      | HP: 1/45 [gnoll (4)]
  2173 | D:3      | Mangled by a gnoll

Illustrated notes

Levels and vault maps discovered:
D:1:      arrival_zaba_pyramid, layout_basic,
          shapermc_ecumenical_altar_notcrosses
D:2:      layout_loops_ring, serial_shops, shop_statue, uniq_terence,
          uniq_natasha
D:3:      layout_loops_cross, trog_wizard, eat_drink_and_be_merry_uskayaw

Skill      XL: |  1  2  3  4 |
---------------+-------------+-----
Unarmed Combat | 4 5 6 |  6.6
Fighting       | |  3.2
Dodging        | |  2.6
Stealth        | |  2.1

Action                   |  1- 3 |  4- 6 || total
-------------------------+-------+-------++-------
Melee: Unarmed           |    53 |    64 ||   117
       Punch             |     1 |     1 ||     2
 Stab: Sleeping          |     1 |     2 ||     3
       Distracted        |       |     1 ||     1
Armor: Robe              |     9 |    12 ||    21
Dodge: Dodged            |    20 |    36 ||    56

Table legend: (Time is in decaauts)
 A = Elapsed time spent in this place.
 B = Non-inter-level travel time spent in this place.
 C = Inter-level travel time spent in this place.
 D = Time resting spent in this place.
 E = Time spent auto-exploring this place.
 F = Levels seen in this place.
 G = Mean time per level.
                   A        B        C        D        E       F      G
               +--------+--------+--------+--------+--------+-----+--------+
         Total |   2161 |   2098 |     63 |      0 |   1797 |   3 |  720.3 |
       Dungeon |   2161 |   2098 |     63 |      0 |   1797 |   3 |  720.3 |
               +--------+--------+--------+--------+--------+-----+--------+

Top non-repeatable levels by time:
     D:1: 1116 daAuts
     D:2: 1016 daAuts
     D:3: 28 daAuts
